NWL (28 & UNDER)
BALZAC RAMS @ SAN DIEGO SMASHERS
07/29/2024
 
TOP OF THE 1ST
Balzac Rams batting - Pitching for San Diego Smashers : RHP Rafael Blanco
Pitching: RHP Rafael Blanco
Batting: SHB Reynaldo Gallegos 0-0: Called Strike
0-1: Swinging Strike
0-2: Ball
1-2: Strikes out swinging
Batting: LHB Joaquín González 0-0: Ball
1-0: Ball
2-0: Foul Ball, location: 2F
2-1: Ball
3-1: Base on Balls
Batting: RHB Fred Howard 0-0: Ball
1-0: Swinging Strike
1-1: Ball
2-1: Foul Ball, location: 2F
2-2: Strikes out swinging
Batting: RHB Paul Spencer 0-0: Ball
1-0: Foul Ball, location: 2F
1-1: Ball
2-1: TRIPLE (Flyball, 89XD)
Joaquín González scores
Batting: RHB Enrique Castillo 0-0: Called Strike
0-1: Foul Ball, location: 2F
0-2: Hit by Pitch
Batting: LHB William Wolf 0-0: Ball
1-0: Ball
2-0: Ball
3-0: Base on Balls
Enrique Castillo to second
Batting: RHB James Tucker 0-0: SINGLE (Groundball, 56D)
Paul Spencer scores
Enrique Castillo to third
William Wolf to second
Runner from 3rd tries for Home, SAFE, no throw or cutoff
Batting: RHB Scott Green 0-0: Ball
1-0: Foul Ball, location: 2F
1-1: Swinging Strike
1-2: Ball
2-2: Ball
3-2: Foul Ball, location: 2F
3-2: Foul Ball, location: 2F
3-2: Ground out 4-3 (Groundball, 4)
Top of the 1st over - 3 run(s), 2 hit(s), 0 error(s), 2 left on base; Balzac 3 - San Diego 0
BOTTOM OF THE 1ST
San Diego Smashers batting - Pitching for Balzac Rams : RHP David Elías
Pitching: RHP David Elías
Batting: RHB Jorge Collazo 0-0: Ball
1-0: SINGLE (Popup, 9LS)
Batting: RHB Francisco Castillo 0-0: Called Strike
Jorge Collazo is caught stealing 2nd base
0-1: Fly out, F8 (Flyball, 89XD)
Batting: LHB Jeffrey Bascombe 0-0: Ball
1-0: Fly out, F8 (Flyball, 8RM)
Bottom of the 1st over - 0 run(s), 1 hit(s), 0 error(s), 0 left on base; Balzac 3 - San Diego 0
TOP OF THE 2ND
Balzac Rams batting - Pitching for San Diego Smashers : RHP Rafael Blanco
Batting: LHB Carlos Barrios 0-0: Ball
1-0: Ball
2-0: Called Strike
2-1: Fly out, F7 (Flyball, 7LM)
Batting: SHB Reynaldo Gallegos 0-0: Ball
1-0: Ball
2-0: Called Strike
2-1: Foul Ball, location: 2F
2-2: Ball
3-2: Base on Balls
Batting: LHB Joaquín González 0-0: Ball
1-0: Ball
2-0: Called Strike
2-1: Ball
Reynaldo Gallegos is caught stealing 2nd base
3-1: SINGLE (Groundball, 15) (infield hit)
Batting: RHB Fred Howard 0-0: Swinging Strike
0-1: Swinging Strike
0-2: Strikes out swinging
Top of the 2nd over - 0 run(s), 1 hit(s), 0 error(s), 1 left on base; Balzac 3 - San Diego 0
BOTTOM OF THE 2ND
San Diego Smashers batting - Pitching for Balzac Rams : RHP David Elías
Batting: RHB Cisco Gatán 0-0: Called Strike
0-1: DOUBLE (Line Drive, 7LM)
Batting: RHB Iván De Jesús 0-0: Foul Ball, location: 2F
0-1: Ball
1-1: Ball
2-1: Foul Ball, location: 2F
2-2: Ball
3-2: Base on Balls
Batting: RHB Manuel Muñóz 0-0: Called Strike
0-1: DOUBLE (Line Drive, 9LM)
Cisco Gatán scores
Iván De Jesús to third
Batting: RHB Luis Martínez 0-0: Ball
1-0: Ball
2-0: Swinging Strike
2-1: Ball
3-1: Base on Balls
Batting: SHB Adrián Nieto 0-0: Ball
1-0: Called Strike
1-1: Ball
2-1: Ball
3-1: Swinging Strike
3-2: Strikes out swinging
Batting: RHB Gustavo Torres 0-0: Called Strike
0-1: Called Strike
0-2: Ball
1-2: Foul Ball, location: 2F
1-2: Ball
2-2: Foul Ball, location: 2F
2-2: Strikes out looking
Batting: RHB Jorge Collazo 0-0: Ball
1-0: Foul Ball, location: 2F
1-1: Fly out, F4 (Popup, 4)
Bottom of the 2nd over - 1 run(s), 2 hit(s), 0 error(s), 3 left on base; Balzac 3 - San Diego 1
TOP OF THE 3RD
Balzac Rams batting - Pitching for San Diego Smashers : RHP Rafael Blanco
Batting: RHB Paul Spencer 0-0: Ball
1-0: Ground out 1-3 (Groundball, 23)
Batting: RHB Enrique Castillo 0-0: Ball
1-0: Called Strike
1-1: Fly out, F6 (Line Drive, 6)
Batting: LHB William Wolf 0-0: Ball
1-0: Ball
2-0: SINGLE (Popup, 89S)
Batting: RHB James Tucker 0-0: Ball
1-0: Called Strike
1-1: Ball
2-1: Ground out 5-3 (Groundball, 56S)
Top of the 3rd over - 0 run(s), 1 hit(s), 0 error(s), 1 left on base; Balzac 3 - San Diego 1
BOTTOM OF THE 3RD
San Diego Smashers batting - Pitching for Balzac Rams : RHP David Elías
Batting: RHB Francisco Castillo 0-0: Bunt for hit - play at first, batter safe!
Batting: LHB Jeffrey Bascombe 0-0: Called Strike
0-1: Ball
1-1: Foul Ball, location: 2F
1-2: Strikes out swinging
Batting: RHB Cisco Gatán 0-0: Ball
1-0: Foul Ball, location: 2F
1-1: Ball
2-1: Foul Ball, location: 2F
2-2: Ball
3-2: Foul Ball, location: 2F
3-2: Fielders Choice at 2nd, 1-4 (Groundball, 23)
Batting: RHB Iván De Jesús 0-0: Ball
1-0: SINGLE (Flyball, 8LS)
Cisco Gatán to second
Batting: RHB Manuel Muñóz 0-0: Called Strike
0-1: Ball
1-1: Ball
2-1: Ball
3-1: DOUBLE (Flyball, 9LD)
Cisco Gatán scores
Iván De Jesús to third
Batting: RHB Luis Martínez 0-0: Foul Ball, location: 2F
0-1: Foul Ball, location: 2F
0-2: Ball
1-2: Fly out, F9 (Flyball, 89D)
Bottom of the 3rd over - 1 run(s), 3 hit(s), 0 error(s), 2 left on base; Balzac 3 - San Diego 2
TOP OF THE 4TH
Balzac Rams batting - Pitching for San Diego Smashers : RHP Rafael Blanco
Batting: RHB Scott Green 0-0: Called Strike
0-1: Ball
1-1: Swinging Strike
1-2: Ball
2-2: Strikes out looking
Batting: LHB Carlos Barrios 0-0: Swinging Strike
0-1: Swinging Strike
0-2: Ball
1-2: Fly out, F5 (Popup, 5DF)
Batting: SHB Reynaldo Gallegos 0-0: Ground out 4-3 (Groundball, 4M)
Top of the 4th over - 0 run(s), 0 hit(s), 0 error(s), 0 left on base; Balzac 3 - San Diego 2
BOTTOM OF THE 4TH
San Diego Smashers batting - Pitching for Balzac Rams : RHP David Elías
Batting: SHB Adrián Nieto 0-0: Ball
1-0: Called Strike
1-1: Swinging Strike
1-2: Fly out, F5 (Popup, 5DF)
Batting: RHB Gustavo Torres 0-0: Ball
1-0: Swinging Strike
1-1: Called Strike
1-2: Strikes out swinging
Batting: RHB Jorge Collazo 0-0: Ball
1-0: Fly out, F8 (Flyball, 89M)
Bottom of the 4th over - 0 run(s), 0 hit(s), 0 error(s), 0 left on base; Balzac 3 - San Diego 2
TOP OF THE 5TH
Balzac Rams batting - Pitching for San Diego Smashers : RHP Rafael Blanco
Batting: LHB Joaquín González 0-0: Foul Ball, location: 2F
0-1: Ball
1-1: SINGLE (Groundball, 4MS)
Batting: RHB Fred Howard 0-0: Called Strike
0-1: Ball
1-1: Foul Ball, location: 2F
1-2: Ball
Joaquín González steals 2nd base
2-2: Fly out, F8 (Flyball, 8RM)
Batting: RHB Paul Spencer 0-0: Ball
1-0: Ball
2-0: Ground out 4-3 (Groundball, 4)
Joaquín González to third
Batting: RHB Enrique Castillo 0-0: Foul Ball, location: 2F
0-1: Called Strike
0-2: Ball
1-2: SINGLE (Groundball, 4MD)
Joaquín González scores
Batting: LHB William Wolf 0-0: Ball
1-0: SINGLE (Groundball, 34D)
Enrique Castillo to second
Runner from 2nd tries for 3rd, SAFE, throw made to third
Batting: RHB James Tucker Pickoff Throw to First - Out!
Top of the 5th over - 1 run(s), 3 hit(s), 0 error(s), 0 left on base; Balzac 4 - San Diego 2
BOTTOM OF THE 5TH
San Diego Smashers batting - Pitching for Balzac Rams : RHP David Elías
Batting: RHB Francisco Castillo 0-0: Fly out, F4 (Popup, 4MD)
Batting: LHB Jeffrey Bascombe 0-0: Ball
1-0: Ball
2-0: Swinging Strike
2-1: Ball
3-1: Base on Balls
Batting: RHB Cisco Gatán 0-0: Called Strike
0-1: Ball
1-1: Fly out, F4 (Popup, 34)
Batting: RHB Iván De Jesús 0-0: Ground out 6-3 (Groundball, 6)
Bottom of the 5th over - 0 run(s), 0 hit(s), 0 error(s), 1 left on base; Balzac 4 - San Diego 2
TOP OF THE 6TH
Balzac Rams batting - Pitching for San Diego Smashers : RHP Rafael Blanco
Batting: RHB James Tucker 0-0: Swinging Strike
0-1: Ball
1-1: Called Strike
1-2: Strikes out looking
Pitching: RHP Bill Elliott
Batting: RHB Scott Green 0-0: Ball
1-0: Swinging Strike
1-1: Called Strike
1-2: Ground out 6-3 (Groundball, 6)
Batting: LHB Carlos Barrios 0-0: Ball
1-0: Ball
2-0: Ball
3-0: Swinging Strike
3-1: Base on Balls
Batting: SHB Reynaldo Gallegos 0-0: Called Strike
0-1: Foul Ball, location: 2F
0-2: Strikes out swinging
Top of the 6th over - 0 run(s), 0 hit(s), 0 error(s), 1 left on base; Balzac 4 - San Diego 2
BOTTOM OF THE 6TH
San Diego Smashers batting - Pitching for Balzac Rams : RHP David Elías
Batting: RHB Manuel Muñóz 0-0: Ball
1-0: Ground out 5-3 (Groundball, 5L)
Batting: RHB Luis Martínez 0-0: Ball
1-0: Ball
2-0: Called Strike
2-1: SINGLE (Groundball, 6M)
Batting: SHB Adrián Nieto 0-0: Foul Ball, location: 2F
0-1: Swinging Strike
0-2: Grounds into double play, 4-6-3 (Groundball, 4)
Bottom of the 6th over - 0 run(s), 1 hit(s), 0 error(s), 0 left on base; Balzac 4 - San Diego 2
TOP OF THE 7TH
Balzac Rams batting - Pitching for San Diego Smashers : RHP Bill Elliott
Batting: LHB Joaquín González 0-0: Ball
1-0: Ground out 5-3 (Groundball, 5S)
Batting: RHB Fred Howard 0-0: Ball
1-0: Foul Ball, location: 2F
1-1: Foul Ball, location: 2F
1-2: Strikes out swinging
Batting: RHB Paul Spencer 0-0: DOUBLE (Line Drive, 89M)
Batting: RHB Enrique Castillo 0-0: Ball
1-0: Ground out U3 (Groundball, 3L)
Top of the 7th over - 0 run(s), 1 hit(s), 0 error(s), 1 left on base; Balzac 4 - San Diego 2
BOTTOM OF THE 7TH
San Diego Smashers batting - Pitching for Balzac Rams : RHP David Elías
Batting: RHB Gustavo Torres 0-0: Called Strike
0-1: Called Strike
0-2: Strikes out swinging
Batting: RHB Jorge Collazo 0-0: Ball
1-0: Ball
2-0: Ball
3-0: Base on Balls
Pitching: RHP José Cota
Batting: RHB Francisco Castillo 0-0: Called Strike
0-1: Ball
1-1: Foul Ball, location: 2F
1-2: Ball
2-2: SINGLE (Groundball, 6)
Jorge Collazo to second
Batting: LHB Jeffrey Bascombe 0-0: Foul Ball, location: 2F
0-1: Swinging Strike
0-2: Ball
1-2: Foul Ball, location: 2F
1-2: Ball
2-2: Foul Ball, location: 2F
2-2: Foul Ball, location: 2F
2-2: Fly out, F8 (Flyball, 8LD)
Runner from 2nd tags up, SAFE at 3rd, no throw
Pinch Hitting: LHB Noriaki Sangi 0-0: Called Strike
0-1: Ball
1-1: Ball
2-1: Ball
3-1: Base on Balls
Francisco Castillo to second
Batting: RHB Iván De Jesús 0-0: Foul Ball, location: 2F
0-1: Foul Ball, location: 2F
0-2: Fly out, F9 (Flyball, 9D)
Bottom of the 7th over - 0 run(s), 1 hit(s), 0 error(s), 3 left on base; Balzac 4 - San Diego 2
TOP OF THE 8TH
Balzac Rams batting - Pitching for San Diego Smashers : RHP Bill Elliott
Now at 3B: Brian Price
Batting: LHB William Wolf 0-0: Ball
1-0: Ball
2-0: Called Strike
2-1: Ball
3-1: Base on Balls
Batting: RHB James Tucker 0-0: Sac Bunt - play at first, batter OUT! 1-3
William Wolf to second
Pitching: RHP Enrique Sánchez
Batting: RHB Scott Green 0-0: Ball
1-0: Called Strike
1-1: SINGLE (Line Drive, 9LS)
William Wolf to third
Pitching: LHP Júlio Castillo
Batting: LHB Carlos Barrios 0-0: Ball
1-0: Called Strike
1-1: Hit by Pitch
Scott Green to second
Pinch Hitting: LHB José Berroa 0-0: Fly out, F8 (Flyball, 8LM)
Runner from 3rd tags up, SCORES, no throw
Pitching: RHP Ángel Polanco
Batting: LHB Joaquín González 0-0: Ball
1-0: Ball
2-0: Called Strike
2-1: Foul Ball, location: 2F
2-2: Ball
3-2: Strikes out swinging
Top of the 8th over - 1 run(s), 1 hit(s), 0 error(s), 2 left on base; Balzac 5 - San Diego 2
BOTTOM OF THE 8TH
San Diego Smashers batting - Pitching for Balzac Rams : RHP José Cota
Now in LF: José Berroa
Batting: RHB Manuel Muñóz 0-0: Ball
1-0: Fly out, F8 (Flyball, 8LD)
Batting: RHB Luis Martínez 0-0: Swinging Strike
0-1: Foul Ball, location: 2F
0-2: Ball
1-2: Ball
2-2: Fly out, F7 (Flyball, 7S)
Batting: SHB Adrián Nieto 0-0: Foul Ball, location: 2F
0-1: Called Strike
0-2: Ball
1-2: Fly out, F6 (Popup, 6MS)
Bottom of the 8th over - 0 run(s), 0 hit(s), 0 error(s), 0 left on base; Balzac 5 - San Diego 2
TOP OF THE 9TH
Balzac Rams batting - Pitching for San Diego Smashers : RHP Ángel Polanco
Batting: RHB Fred Howard 0-0: Hit by Pitch
Batting: RHB Paul Spencer 0-0: Foul Ball, location: 2F
0-1: Ball
1-1: Ball
2-1: Swinging Strike
2-2: Ball
3-2: Foul Ball, location: 2F
3-2: Fielders Choice at 2nd, 5-4 (Groundball, 56)
Batting: RHB Enrique Castillo 0-0: Ball
1-0: Ground out 5-3 (Groundball, 56S)
Paul Spencer to second
Batting: LHB William Wolf 0-0: Ball
1-0: Swinging Strike
1-1: Called Strike
1-2: Ball
2-2: Ball
3-2: Foul Ball, location: 2F
3-2: Ground out U3 (Groundball, 3S)
Top of the 9th over - 0 run(s), 0 hit(s), 0 error(s), 1 left on base; Balzac 5 - San Diego 2
BOTTOM OF THE 9TH
San Diego Smashers batting - Pitching for Balzac Rams : RHP José Cota
Pitching: RHP Shiki Kanno
Now at C: Félix Quintero
Batting: RHB Gustavo Torres 0-0: Called Strike
0-1: Swinging Strike
0-2: Ball
1-2: Ball
2-2: Strikes out looking
Batting: RHB Jorge Collazo 0-0: Swinging Strike
0-1: Foul Ball, location: 2F
0-2: Strikes out swinging
Batting: RHB Francisco Castillo 0-0: Ball
1-0: Ground out 6-3 (Groundball, 6)
Bottom of the 9th over - 0 run(s), 0 hit(s), 0 error(s), 0 left on base; Balzac 5 - San Diego 2
This league is powered by Out of the Park Baseball, the baseball management simulation game for PC, Mac and Linux
Saturday, April 9th, 2016 - OOTP Baseball 16.8 Build 38